 Dungeon Crawl Stone Soup version 0.25-a0-294-gea9b1ad378 (webtiles) character file.

Game seed: 787503861329346922, levelgen mode: deterministic

93808 Error4North the Cleaver (level 16, -4/137 HPs)
             Began as a Hill Orc Fighter on Dec 18, 2019.
             Was a High Priest of Okawaru.
             Slain by a demonic crawler (9 damage)
             ... summoned by a deep elf mage
             ... on level 1 of the Elven Halls.
             The game lasted 02:05:47 (17194 turns).

Error4North the Cleaver (Hill Orc Fighter)         Turns: 17194, Time: 02:05:48

Health: -4/137     AC: 18    Str: 26    XL:     16   Next: 9%
Magic:  24/25      EV: 11    Int: 14    God:    Okawaru [*****.]
Gold:   942        SH: 14    Dex: 10    Spells: 5/27 levels left

rFire    . . .     SeeInvis .   t - +3 war axe "Kagoogun" {chop, +Blink rPois MR+}
rCold    + + +     Gourm    .   P - +1 shield {rC+}
rNeg     . . .     Faith    .   K - +1 ice dragon scales "Veder" {rPois rF- rC++ rCorr Int+2}
rPois    +         Spirit   .   (no helmet)
rElec    .         Reflect  .   L - +0 cloak
rCorr    +         Harm     .   v - +0 pair of gloves
MR       +++..                  u - +0 pair of boots
Stlth    ..........             B - amulet of regeneration
HPRegen  0.72/turn              q - ring of protection from magic
MPRegen  0.19/turn              J - ring of protection from fire

@: no status effects
A: blink, blurry vision 1, clever 1, strong 1
a: Blink, Heroism, Finesse, Renounce Religion, Evoke Blink


You were on level 1 of the Elven Halls.
You worshipped Okawaru.
Okawaru was extremely pleased with you.
You were not hungry.

You visited 5 branches of the dungeon, and saw 18 of its levels.
You visited 1 bazaar.
You also visited: Bailey and Ice Cave.

You collected 1907 gold pieces.
You spent 965 gold pieces at shops.

Inventory:

Hand Weapons
 i - a +0 hunting sling
 t - the +3 war axe "Kagoogun" (weapon) {chop, +Blink rPois MR+}
   (You found it on level 7 of the Dungeon)

   It inflicts extra damage upon your enemies.
   It protects you from poison.
   It affects your resistance to hostile enchantments.
   It lets you blink.
 x - the +2 spear of Conscience {pain, rElec rPois Str-4}
   (You found it in a bailey)

   In the hands of one skilled in necromantic magic, it inflicts extra damage on
   living creatures.
   It affects your strength (-4).
   It insulates you from electricity.
   It protects you from poison.
Missiles
 b - 105 sling bullets
 c - 7 atropa-tipped darts
 o - 301 stones
 p - 11 javelins (quivered)
Armour
 u - a +0 pair of boots (worn)
 v - a +0 pair of gloves (worn)
 K - the +1 ice dragon scales "Veder" (worn) {rPois rF- rC++ rCorr Int+2}
   (You found it in a bailey)

   It affects your intelligence (+2).
   It makes you vulnerable to fire.
   It greatly protects you from cold.
   It protects you from poison.
   It provides partial protection from all sources of acid and corrosion.
 L - a +0 cloak (worn)
 P - a +1 shield of cold resistance (worn)
Jewellery
 q - a ring of protection from magic (left hand)
 y - an uncursed ring of see invisible
 B - an amulet of regeneration (around neck)
 G - an uncursed ring of flight
 J - a ring of protection from fire (right hand)
 M - an uncursed ring of protection from cold
Wands
 k - a wand of digging (2)
 A - a wand of iceblast (7)
 C - a wand of flame (40)
 D - a wand of acid (4)
 N - a wand of clouds (5)
 S - a wand of paralysis (11)
Scrolls
 a - 2 scrolls of fog
 d - 2 scrolls of remove curse
 e - 10 scrolls of identify
 g - 4 scrolls of fear
 h - 9 scrolls of teleportation
 j - 2 scrolls of random uselessness {unknown}
 l - 2 scrolls of immolation
 m - 4 scrolls of magic mapping {unknown}
 r - 5 scrolls of enchant armour {unknown}
 w - 2 scrolls of enchant weapon {unknown}
 E - 2 scrolls of blinking {unknown}
 F - a scroll of amnesia {unknown}
 I - a scroll of acquirement {unknown}
 Q - a scroll of brand weapon {unknown}
Potions
 n - a potion of lignification
 s - 2 potions of magic
 z - 3 potions of brilliance
 H - 3 potions of flight
 R - a potion of agility
 U - a potion of invisibility
Comestibles
 f - 14 rations


   Skills:
 * Level 11.1 Fighting
 + Level 12.9(13.0) Axes
 + Level 1.3(7.2) Polearms
 + Level 4.3(4.5) Slings
 + Level 1.7(3.2) Throwing
 * Level 10.6 Armour
 + Level 3.5 Dodging
 + Level 2.3 Stealth
 * Level 12.1 Shields
 + Level 2.1 Unarmed Combat
 * Level 6.1 Spellcasting
 * Level 3.3 Hexes
 * Level 3.0 Charms
 * Level 5.9 Translocations
 * Level 2.3 Air Magic
 * Level 7.6 Invocations
 * Level 8.0 Evocations


You had 5 spell levels left.
You knew the following spells:

 Your Spells              Type           Power        Failure   Level  Hunger
a - Apportation           Tloc           ###...       4%          1    None
b - Silence               Hex/Air        ##........   99%         5    ######.
c - Deflect Missiles      Chrm/Air       ##........   100%        6    #######
d - Discord               Hex            ##........   100%        8    #######
e - Swiftness             Chrm/Air       ##......     26%         2    #......

Your spell library contained the following spells:

 Spells                   Type           Power        Failure   Level  Hunger
 Blink                    Tloc           N/A          7%          2    #......
 Confusing Touch          Hex            ##....       12%         1    None
 Corona                   Hex            ##.....      12%         1    None
 Slow                     Hex            ##......     19%         2    #......
 Ensorcelled Hibernation  Hex/Ice        #.....       36%         2    #......
 Confuse                  Hex            ##......     36%         3    ###....
 Tukima's Dance           Hex            ##......     36%         3    ###....
 Passage of Golubria      Tloc           N/A          41%         4    ####...
 Animate Skeleton         Necr           N/A          45%         1    None
 Beastly Appendage        Tmut           #.....       45%         1    None
 Magic Dart               Conj           #...         45%         1    None
 Summon Small Mammal      Summ           #...         45%         1    None
 Call Imp                 Summ           #.......     58%         2    #......
 Passwall                 Tmut/Erth      #.......     58%         2    #......
 Sticks to Snakes         Tmut           #.......     58%         2    #......
 Dazzling Flash           Conj/Hex       #.....       58%         3    ###....
 Mephitic Cloud           Conj/Pois/Air  #.......     73%         3    ###....
 Cause Fear               Hex            ##........   77%         4    ####...
 Conjure Flame            Conj/Fire      #.......     83%         3    ###....
 Spider Form              Tmut/Pois      #.........   83%         3    ###....
 Ice Form                 Ice/Tmut       #.......     99%         4    ####...
 Blade Hands              Tmut           #.........   100%        5    ######.
 Lee's Rapid Deconstruct  Erth           #.........   100%        5    ######.
 Yara's Violent Unravell  Hex/Tmut       #.........   100%        5    ######.
 Darkness                 Hex            ##........   100%        6    #######
 Invisibility             Hex            ##......     100%        6    #######


Dungeon Overview and Level Annotations

Branches:
Dungeon (11/15)            Temple (1/1) D:5            Lair (3/6) D:9
    Orc (2/2) D:11            Elf (1/3) Orc:2        Bailey (visited)
  IceCv (visited)
  Swamp: Lair:2-4    Shoals: Lair:2-4     Snake: Lair:2-4    Spider: Lair:2-4

Altars:
Ashenzari
Cheibriados
Dithmenos
Elyvilon
Fedhas
Gozag
Hepliaklqana
Kikubaaqudgha
Makhleb
Nemelex Xobeh
Okawaru
Qazlal
Ru
Sif Muna
Trog
Uskayaw
Vehumet
Wu Jian
Xom
Yredelemnul
Zin
The Shining One

Shops:
D:4 ?   D:7 =   Orc:2 *?*=

Annotations:
Lair:1 1 runed translucent door, Thantalas's ghost, journeyman TrFi
Lair:3 3 runed translucent doors, Luthien's ghost, journeyman DECj


Innate Abilities, Weirdness & Mutations

You can translocate small distances at will.
Scrolls take you a little longer to read.
Your mind is acute. (Int +2)
Your muscles are strong. (Str +2)


Message History

The air elemental hits you but does no damage.
Okay, then.
Evoke which item? (* to show all) (? for menu, Esc to quit)
Aiming: Iceblast
Press: ? - help, Shift-Dir - straight line The mass of ice explodes!
The iceblast engulfs the demonic crawler!!
The demonic crawler partially resists.
The demonic crawler is heavily wounded.
The iceblast engulfs the deep elf mage!!
The deep elf mage is severely wounded.
You float gracefully downwards.
You hear a shout!
The air elemental barely misses you. You block the air elemental's attack.
The demonic crawler hits you but does no damage.
You block the demonic crawler's attack. The demonic crawler barely misses you.
The air elemental barely misses you. The air elemental hits you.
* * * LOW HITPOINT WARNING * * *
You block the demonic crawler's attack. The demonic crawler hits you!
You die...

#########....
##..........).
##.#########...
###### ##.##
###. #....##
##)## #.#
......# ##.##
#.#. ......#
##.## #.#.#
......#
##.########
#..# ......#
##.#@......##
#.# ......#
##.#E3se.....#
......##
##.###.....s.##
.......####.##
##.####.e#
#....##.##.##
#.## #..#
###.####).##
#># §§s.# #...
#..## #.#
#§§..# ....#
#.##.##.#
#§§§e# #....#.#
##..# ##..#.


You could see a demonic crawler, 2 deep elf magi, a sixfirhy, an air elemental
and a redback.

Vanquished Creatures
  A frost giant (IceCv)
  An orc warlord (Bailey)
  A stone giant (Orc:1)
  Snorg (Lair:3)
  3 hydras
  2 two-headed ogres
  A dancing weapon (Elf:1)
  3 orc high priests (Orc:2)
  3 skeletal warriors (D:11)
  An orange crystal statue (Orc:2)
  2 deep elf archers (Elf:1)
  Pikel (D:9)
  5 orc knights
  An oklob plant (D:7)
  5 orc sorcerers
  2 deep elf magi (Elf:1)
  2 ugly things (D:11)
  A centaur zombie (D:11)
  Maurice (D:9)
  A black mamba (Lair:2)
  An ice statue (IceCv)
  3 spiny frogs
  6 trolls
  21 polar bears
  7 blink frogs
  Grinder (D:3)
  4 hippogriffs
  An air elemental (Elf:1)
  2 wyverns
  33 yaks
  Sigmund (D:3)
  2 water elementals
  Grum (D:8)
  3 hungry ghosts
  The ghost of bmj180 the Magician, an amateur GnWn (D:4)
  2 wargs (D:9)
  3 water moccasins
  A porcupine (Lair:2)
  3 sky beasts
  7 black bears (Lair:3)
  18 orc warriors
  2 ice beasts (D:9)
  A slave (D:9)
  An eye of draining (D:11)
  14 wolves
  7 ogres
  2 phantoms (D:6)
  3 crocodiles
  7 centaurs
  2 big kobolds (D:8)
  11 bullfrogs
  A water moccasin zombie (D:10)
  5 scorpions
  5 killer bees (D:11)
  A howler monkey (D:11)
  4 electric eels (D:11)
  4 crimson imps
  2 centaur skeletons
  10 jellies
  22 orc priests
  4 bullfrog skeletons
  2 hounds
  2 iguanas
  25 orc wizards
  Jessica (D:2)
  Natasha (D:1)
  3 worker ants
  A hound zombie (D:6)
  A worker ant zombie (D:10)
  16 adders
  9 gnolls
  A shadow imp (D:8)
  12 white imps (Lair:3)
  14 oozes
  3 adder skeletons
  3 worms (D:3)
  A dart slug (D:1)
  3 leopard geckos
  71 orcs
  5 giant cockroaches
  5 hobgoblins
  7 jackals
  A quokka (D:6)
  4 ball pythons
  6 bats
  5 frilled lizards
  7 goblins
  22 kobolds
  A leopard gecko skeleton (D:7)
  A quokka skeleton (D:4)
  4 rats
504 creatures vanquished.

Vanquished Creatures (others)
  A dancing weapon (Elf:1)
  A warg (Orc:1)
  A slave (D:9)
  A big kobold (D:9)
  An adder (D:9)
  A shadow imp (D:11)
  3 kobolds (D:9)
  9 fungi
  4 plants (Lair:3)
22 creatures vanquished.

Grand Total: 526 creatures vanquished

Notes
Turn   | Place    | Note
-------+----------+-------------------------------------------
     0 | D:1      | Error4North the Hill Orc Fighter began the quest for the
                  | Orb.
     0 | D:1      | Reached XP level 1. HP: 19/19 MP: 1/1
    98 | D:1      | Reached XP level 2. HP: 20/27 MP: 2/2
   319 | D:2      | Noticed Natasha
   328 | D:1      | Killed Natasha
   328 | D:1      | Reached XP level 3. HP: 19/33 MP: 3/3
   467 | D:2      | Noticed Jessica
   477 | D:2      | Killed Jessica
   477 | D:2      | Reached skill level 1 in Spellcasting
   477 | D:2      | Reached XP level 4. HP: 16/40 MP: 3/5
   675 | D:2      | Found a shimmering altar of Xom.
   973 | D:2      | Reached XP level 5. HP: 25/46 MP: 7/7
  1248 | D:3      | Noticed Sigmund
  1256 | D:3      | Killed Sigmund
  1256 | D:3      | Reached skill level 1 in Dodging
  1256 | D:3      | Reached XP level 6. HP: 30/53 MP: 8/8
  1452 | D:3      | Noticed Grinder
  1454 | D:3      | Paralysed by Grinder for 4 turns
  1468 | D:3      | Paralysed by Grinder for 4 turns
  1486 | D:3      | Killed Grinder
  1486 | D:3      | Reached skill level 5 in Axes
  1486 | D:3      | Reached skill level 5 in Shields
  1486 | D:3      | Reached XP level 7. HP: 27/60 MP: 8/10
  2355 | D:4      | Found Tovvub's Magic Scroll Shoppe.
  2391 | D:4      | Bought a scroll of identify for 20 gold pieces
  2391 | D:4      | Bought a scroll of identify for 20 gold pieces
  2632 | D:4      | Found a runed translucent door.
  2632 | D:4      | Noticed bmj180's ghost (amateur GnWn)
  2697 | D:4      | Found a sacrificial altar of Ru.
  2861 | D:4      | Found a snail-covered altar of Cheibriados.
  3014 | D:4      | Killed bmj180's ghost
  3143 | D:5      | Entered Level 5 of the Dungeon
  3172 | D:5      | Reached skill level 1 in Slings
  3172 | D:5      | Reached skill level 5 in Armour
  3172 | D:5      | Reached XP level 8. HP: 43/67 MP: 11/11
  3245 | D:5      | Found a staircase to the Ecumenical Temple.
  3292 | Temple   | Entered the Ecumenical Temple
  3440 | D:5      | Reached skill level 5 in Fighting
  3521 | D:5      | Found a radiant altar of Vehumet.
  3970 | D:5      | Found a glowing silver altar of Zin.
  3970 | D:5      | Found an opulent altar of Gozag.
  4136 | D:6      | Found an opulent altar of Gozag.
  4418 | D:6      | Identified the +10 short sword of the Unseen Realm {flame,
                  | rN+ MR+}
  4563 | D:6      | Reached XP level 9. HP: 70/74 MP: 13/13
  4744 | D:6      | Gained mutation: Your spells are a little easier to cast,
                  | but a little less powerful. [potion of mutation]
  4744 | D:6      | Gained mutation: Scrolls take you a little longer to read.
                  | [potion of mutation]
  4744 | D:6      | Gained mutation: Your natural rate of healing is unusually
                  | fast. [potion of mutation]
  4902 | D:6      | Reached skill level 1 in Throwing
  4997 | D:6      | Found a hazy altar of Hepliaklqana.
  4999 | D:6      | Found a sparkling altar of Nemelex Xobeh.
  5132 | D:6      | Reached skill level 1 in Evocations
  5221 | D:6      | Learned a level 1 spell: Apportation
  5264 | D:6      | Reached skill level 1 in Translocations
  5332 | D:6      | Found a shattered altar of Ashenzari.
  5430 | D:7      | Got a translucent war axe
  5432 | D:7      | Identified the cursed +3 war axe "Kagoogun" {chop, +Blink
                  | rPois MR+} (You found it on level 7 of the Dungeon)
  5491 | D:7      | Found Utoj's Jewellery Boutique.
  5495 | D:7      | Noticed an oklob plant
  5665 | D:7      | Bought an uncursed ring of see invisible for 165 gold
                  | pieces
  6154 | D:8      | Reached XP level 10. HP: 73/84 MP: 15/15
  6161 | D:8      | Found an iron altar of Okawaru.
  6166 | D:8      | Found a shimmering blue altar of Sif Muna.
  6166 | D:8      | Found a stormy altar of Qazlal.
  6171 | D:8      | Became a worshipper of Warmaster Okawaru
  6242 | D:8      | Found a flagged portal.
  6275 | Bailey   | Entered a bailey
  6302 | Bailey   | Noticed an orc warlord
  6368 | Bailey   | Found a runed translucent gate.
  6368 | Bailey   | Found a runed translucent gate.
  6368 | Bailey   | Found a runed translucent gate.
  6369 | Bailey   | Noticed an orc knight
  6426 | Bailey   | Killed an orc knight
  6501 | Bailey   | Killed an orc warlord
  6501 | Bailey   | Reached skill level 10 in Axes
  6534 | Bailey   | Got a crystal spear
  6545 | Bailey   | Got encrusted ice dragon scales
  6559 | Bailey   | Identified the cursed +1 ice dragon scales "Veder" {rPois
                  | rF- rC++ rCorr Int+2} (You found it in a bailey)
  6576 | D:8      | Reached * piety under Okawaru
  6818 | D:8      | Noticed Grum
  6826 | D:8      | Killed Grum
  7183 | D:9      | Noticed Pikel
  7197 | D:9      | Killed Pikel
  7197 | D:9      | Reached XP level 11. HP: 43/92 MP: 15/17
  7269 | D:9      | Found a white marble altar of Elyvilon.
  7305 | D:9      | Noticed Maurice
  7335 | D:9      | Identified the +2 spear of Conscience {pain, rElec rPois
                  | Str-4} (You found it in a bailey)
  7345 | D:9      | Killed Maurice
  7345 | D:9      | Reached ** piety under Okawaru
  7350 | D:9      | Paralysed by fainting for 10 turns
  7367 | D:9      | Paralysed by fainting for 5 turns
  7436 | D:9      | Found a staircase to the Lair.
  7907 | Lair:1   | Entered Level 1 of the Lair of Beasts
  8035 | Lair:1   | Reached *** piety under Okawaru
  8098 | Lair:1   | Received a gift from Okawaru
  8284 | Lair:1   | Received a gift from Okawaru
  8284 | Lair:1   | Reached skill level 1 in Invocations
  8534 | Lair:1   | Found a runed translucent door.
  8534 | Lair:1   | Noticed Thantalas's ghost (journeyman TrFi)
  8831 | Lair:2   | Reached **** piety under Okawaru
  8992 | Lair:2   | Reached skill level 5 in Evocations
  8993 | Lair:2   | Received a gift from Okawaru
  9086 | Lair:2   | Noticed a four-headed hydra
  9127 | Lair:2   | Killed a four-headed hydra
  9595 | Lair:3   | Found a frozen archway.
  9615 | IceCv    | Entered an ice cave
  9621 | IceCv    | Reached skill level 1 in Polearms
  9621 | IceCv    | Reached XP level 12. HP: 103/103 MP: 19/19
  9647 | IceCv    | Reached ***** piety under Okawaru
  9655 | IceCv    | Received a gift from Okawaru
  9984 | IceCv    | Reached skill level 5 in Spellcasting
 10100 | IceCv    | Noticed a frost giant
 10116 | IceCv    | Reached skill level 10 in Shields
 10122 | IceCv    | Killed a frost giant
 10777 | Lair:3   | Noticed Snorg
 10791 | Lair:3   | Killed Snorg
 10845 | Lair:3   | Found a runed translucent gate.
 10847 | Lair:3   | Reached XP level 13. HP: 103/112 MP: 21/21
 10851 | Lair:3   | Reached skill level 5 in Translocations
 10865 | Lair:3   | Found a runed translucent gate.
 10865 | Lair:3   | Noticed Luthien's ghost (journeyman DECj)
 10867 | Lair:3   | Found a runed translucent gate.
 10890 | Lair:3   | Learned a level 5 spell: Silence
 10897 | Lair:3   | Learned a level 6 spell: Deflect Missiles
 10906 | Lair:3   | Learned a level 8 spell: Discord
 10987 | Lair:3   | Learned a level 2 spell: Swiftness
 11022 | Lair:3   | Received a gift from Okawaru
 11024 | Lair:3   | Reached skill level 1 in Hexes
 11186 | Lair:3   | Reached skill level 1 in Charms
 12211 | D:7      | Reached skill level 5 in Invocations
 12389 | D:10     | Entered Level 10 of the Dungeon
 12912 | D:10     | Reached skill level 10 in Fighting
 13231 | D:11     | Reached skill level 1 in Air Magic
 13360 | D:11     | Found a staircase to the Orcish Mines.
 13395 | D:11     | Received a gift from Okawaru
 14558 | D:11     | Reached XP level 14. HP: 100/121 MP: 14/22
 14665 | D:11     | Reached skill level 10 in Armour
 14665 | D:11     | Reached XP level 15. HP: 128/128 MP: 23/23
 14666 | D:11     | Lost mutation: Scrolls take you a little longer to read.
                  | [potion of mutation]
 14666 | D:11     | Lost mutation: Your spells are a little easier to cast, but
                  | a little less powerful. [potion of mutation]
 14666 | D:11     | Gained mutation: You are clumsy. (Dex -2) [potion of
                  | mutation]
 14666 | D:11     | Gained mutation: Your muscles are strong. (Str +2) [potion
                  | of mutation]
 14666 | D:11     | Gained mutation: Your mind is acute. (Int +2) [potion of
                  | mutation]
 14666 | D:11     | Gained mutation: You have sharp fingernails. [potion of
                  | mutation]
 14668 | D:11     | Lost mutation: Your muscles are strong. (Str +2) [potion of
                  | mutation]
 14668 | D:11     | Lost mutation: You are clumsy. (Dex -2) [potion of
                  | mutation]
 14668 | D:11     | Lost mutation: Your natural rate of healing is unusually
                  | fast. [potion of mutation]
 14668 | D:11     | Gained mutation: Your mind is very acute. (Int +4) [potion
                  | of mutation]
 14668 | D:11     | Gained mutation: You have a pair of small antennae on your
                  | head. [potion of mutation]
 14815 | Orc:1    | Entered Level 1 of the Orcish Mines
 14987 | Orc:2    | Entered Level 2 of the Orcish Mines
 15369 | Orc:2    | Found a staircase to the Elven Halls.
 15817 | Orc:2    | HP: 5/129 [orc knight/+0 long sword (20)]
 16245 | Orc:1    | Received a gift from Okawaru
 16569 | Orc:2    | Found a gateway to a bazaar.
 16845 | Orc:2    | Found Voad Zemelu's Jewellery Boutique.
 16845 | Orc:2    | Found Ixeshruth's Assorted Antiques.
 16847 | Orc:2    | Found Soinapsa's Magic Scroll Boutique.
 16847 | Orc:2    | Found Liulu's General Store.
 16861 | Orc:2    | Reached XP level 16. HP: 133/137 MP: 16/24
 16868 | Orc:2    | Bought a scroll of teleportation for 42 gold pieces
 16871 | Orc:2    | Bought a scroll of remove curse for 78 gold pieces
 16939 | Bazaar   | Entered a bazaar
 16939 | Bazaar   | Found Ekhlalacs's Jewellery Shop.
 16949 | Bazaar   | Bought an uncursed ring of flight for 157 gold pieces
 16957 | Bazaar   | Found Riylalun's Distillery.
 16962 | Bazaar   | Found Ukeoqoz's Magic Scroll Shoppe.
 16963 | Bazaar   | Bought a potion of mutation for 120 gold pieces
 16965 | Bazaar   | Lost mutation: You have a pair of small antennae on your
                  | head. [potion of mutation]
 16965 | Bazaar   | Lost mutation: You have sharp fingernails. [potion of
                  | mutation]
 16965 | Bazaar   | Lost mutation: Your mind is very acute. (Int +4) [potion of
                  | mutation]
 16965 | Bazaar   | Gained mutation: Scrolls take you a little longer to read.
                  | [potion of mutation]
 16965 | Bazaar   | Gained mutation: Your muscles are strong. (Str +2) [potion
                  | of mutation]
 16965 | Bazaar   | Gained mutation: You can translocate small distances at
                  | will. [potion of mutation]
 16970 | Bazaar   | Found Ahime's Jewellery Boutique.
 16971 | Bazaar   | Bought a scroll of fear for 56 gold pieces
 16971 | Bazaar   | Bought a scroll of fog for 32 gold pieces
 16974 | Bazaar   | Found Logiel's Jewellery Boutique.
 16983 | Bazaar   | Bought an uncursed ring of protection from fire for 275
                  | gold pieces
 17044 | Elf:1    | Entered Level 1 of the Elven Halls
 17194 | Elf:1    | HP: 5/137 [air elemental (6)]
 17194 | Elf:1    | Slain by a demonic crawler

Levels and vault maps discovered:
D:1:      wander_arrival_lonely_grave, layout_rooms
D:2:      layout_rooms, nicolae_overflow_crystal_walls, uniq_jessica,
          uniq_natasha
D:3:      layout_basic, first_ration, uniq_grinder, uniq_sigmund
D:4:      layout_rooms, marbit_many_paths, nicolae_ru_great_annihilating_truth,
          serial_shops, shop, hellmonk_ghost_happy_afterlife
D:5:      layout_cave_pools, vehumet_altar_wand_db,
          grunt_temple_overflow_gold_and_silver, temple_fountains, serial_park,
          serial_park_square3 [serial_park_minivault_5x5_2], serial_park_gazebo
          [serial_park_minivault_5x5_2], minmay_between
D:6:      layout_loops_cross, nicolae_overflow_hidden_temple,
          gammafunk_temple_overflow_pools, nicolae_gozag_seed_capital
D:7:      lemuel_slime, layout_rooms, serial_shops, shop
D:8:      layout_basic, chequers_temple_overflow_statue_of_worship,
          enter_bailey_2, blue_anna_alchemist [blue_anna_fruit_fields,
          blue_anna_fruit_fields], uniq_grum
D:9:      layout_basic, elyvilon_altar_5, erik_lair_orcish_takeover,
          uniq_maurice, uniq_pikel
D:10:     layout_long_grid
D:11:     layout_basic, orc_0_dummy
Temple:   jpeg_temple_island
Lair:1:   layout_long_grid, ebering_ghost_inner_flame
Lair:2:   layout_regular_city, minivault_24
Lair:3:   beast_lair_carwin_large_3, layout_chaotic_city,
          gammafunk_ghost_hydra_chop, portal_ice_cave_entry_imps,
          infiniplex_staircase_pool_2, uniq_snorg
Orc:1:    layout_caves
Orc:2:    grunt_orc_tribal_feast, layout_diamond_mine, serial_shops, statue_bzr
Elf:1:    layout_rooms, portal_desolation_entry_nicolae_slug, serial_shops,
          shop, evilmike_minifort

Skill      XL: |  1  2  3  4  5  6  7  8  9 10 11 12 13 14 15 16 |
---------------+-------------------------------------------------+-----
Fighting       | 4 5 6 7 8 9 10 11 | 11.1
Axes           | 3 4 5 6 7 9 10 11 12 | 12.9
Spellcasting   | 1 2 3 4 5 6 |  6.1
Shields        | 4 5 6 7 8 9 10 11 12 | 12.1
Armour         | 4 5 6 7 8 9 10 | 10.6
Dodging        | 1 2 3 |  3.5
Slings         | 1 3 4 |  4.3
Throwing       | 1 |  1.7
Evocations     | 2 3 5 6 7 8 |  8.0
Translocations | 2 3 4 5 |  5.9
Invocations    | 2 4 7 |  7.6
Polearms       | 1 |  1.3
Hexes          | 2 3 |  3.3
Charms         | 1 2 3 |  3.0
Air Magic      | 1 2 |  2.3
Stealth        | 2 |  2.3
Unarmed Combat | 2 |  2.1

Action                   |  1- 3 |  4- 6 |  7- 9 | 10-12 | 13-15 | 16-18 || total
-------------------------+-------+-------+-------+-------+-------+-------++-------
Melee: War axe           |    42 |    92 |   164 |   591 |   595 |    52 ||  1536
       Hand axe          |       |       |   265 |       |       |       ||   265
       Spear             |       |       |       |    32 |    35 |       ||    67
 Fire: Hunting sling     |       |       |    69 |    58 |   108 |       ||   235
Throw: Stone             |       |       |     4 |       |       |       ||     4
       Javelin           |       |       |    13 |    16 |     7 |       ||    36
 Cast: Swiftness         |       |       |       |       |     1 |       ||     1
Invok: Heroism           |       |       |       |    10 |    13 |     2 ||    25
       Finesse           |       |       |       |     1 |     9 |       ||    10
 Abil: Evoke Blink       |       |       |       |     1 |     2 |     1 ||     4
Evoke: Wand              |       |       |       |     8 |     2 |     1 ||    11
  Use: Potion            |       |     2 |     5 |    13 |    10 |     1 ||    31
       Scroll            |       |       |     4 |     5 |     1 |       ||    10
 Stab: Invisible         |       |       |     1 |       |     9 |       ||    10
       Distracted        |       |       |       |       |     1 |       ||     1
  Eat: Chunk             |       |     1 |     5 |     4 |     8 |       ||    18
       Ration            |       |     1 |     3 |     4 |     4 |       ||    12
Armor: Scale mail        |    10 |    58 |    28 |       |       |       ||    96
       Chain mail        |       |       |    81 |       |       |       ||    81
       Plate armour      |       |       |    65 |    31 |       |       ||    96
       Ice dragon scales |       |       |       |   289 |   181 |    26 ||   496
       Skin              |       |       |       |    19 |       |       ||    19
Dodge: Dodged            |     9 |    29 |   104 |   268 |   191 |    22 ||   623
Block: Shield            |    15 |    60 |   180 |   438 |   418 |    41 ||  1152

Table legend:
 A = Non-vault XP
 B = Vault XP
 C = Vault XP percentage of total XP
 D = Non-vault monster count
 E = Vault monster count
 F = Vault count percentage of total count
                 A         B        C        D         E       F
            +---------+---------+-------+---------+---------+-------
      Total |   38175 |   28193 |  42.5 |     342 |     164 |  32.4
            +---------+---------+-------+---------+---------+-------
        D:1 |      29 |      35 |  54.7 |      14 |       1 |   6.7
        D:2 |     102 |      37 |  26.6 |      19 |       1 |   5.0
        D:3 |      81 |     480 |  85.6 |      23 |       2 |   8.0
        D:4 |      77 |     221 |  74.2 |      12 |       6 |  33.3
        D:5 |     682 |     171 |  20.0 |      18 |       4 |  18.2
        D:6 |    1261 |       0 |   0.0 |      33 |       0 |   0.0
        D:7 |     638 |    1046 |  62.1 |      12 |      22 |  64.7
        D:8 |     910 |     534 |  37.0 |      23 |       4 |  14.8
        D:9 |    1669 |    1780 |  51.6 |      18 |      12 |  40.0
       D:10 |    2908 |       0 |   0.0 |      19 |       0 |   0.0
       D:11 |    8060 |       0 |   0.0 |      40 |       0 |   0.0
     Lair:1 |    3133 |       0 |   0.0 |      15 |       0 |   0.0
     Lair:2 |    3137 |       0 |   0.0 |      11 |       0 |   0.0
     Lair:3 |    5777 |    3345 |  36.7 |      24 |      24 |  50.0
      Orc:1 |    3197 |    1229 |  27.8 |      31 |       2 |   6.1
      Orc:2 |    1864 |    7386 |  79.8 |      21 |      29 |  58.0
      Elf:1 |    4650 |       0 |   0.0 |       9 |       0 |   0.0
     Bailey |       0 |    2554 | 100.0 |       0 |      21 | 100.0
      IceCv |       0 |    9375 | 100.0 |       0 |      36 | 100.0
            +---------+---------+-------+---------+---------+-------
